 Dungeon Crawl Stone Soup version 0.29.1-12-g30fa7ad0bf (webtiles) character file.

Game seed: 3183136759143936654

398 growler the Trooper (level 7, -5/53 HPs)
             Began as a Djinni Hedge Wizard on Dec 21, 2022.
             Slain by a scorpion (7 damage)
             ... on level 5 of the Dungeon.
             The game lasted 00:15:23 (5701 turns).

growler the Trooper (Djinni Hedge Wizard)           Turns: 5701, Time: 00:15:24

Health: -5/53      AC:  4    Str:  9    XL:     7   Next: 10%
Gold:   212        EV: 12    Int: 17    God:
                   SH:  0    Dex: 15

rFire   + + .      SeeInvis .   a - +0 dagger
rCold   x . .      Faith    .   (no shield)
rNeg    . . .      Spirit   .   b - +0 robe
rPois   ∞          Reflect  .   c - +0 hat
rElec   .          Harm     .   t - +1 cloak "Qodic" {MP+9 Dex+2}
rCorr   .          Rampage  .   (no gloves)
Will    .....                   (boots unavailable)
Stlth   ++........              (no amulet)
HPRegen 0.17/turn               (no ring)
MPRegen 0.00/turn               (no ring)

@: flying, invisible
A: sickness immunity, fire resistance 2, cold vulnerability 1, float, innate
caster, HP casting, extra vitality 1
a: no special abilities


You were on level 5 of the Dungeon.
You visited 1 branch of the dungeon, and saw 5 of its levels.

You collected 212 gold pieces.

Inventory:

Hand Weapons
 a - a +0 dagger (weapon)
Missiles
 i - 3 poisoned darts
 o - 2 atropa-tipped darts
Armour
 b - a +0 robe (worn)
 c - a +0 hat (worn)
 h - a +0 robe
 t - the +1 cloak "Qodic" (worn) {MP+9 Dex+2}
   (You found it on level 3 of the Dungeon)

   Dex:       It affects your dexterity (+2).
   MP:        It affects your magic capacity (+9).
Jewellery
 v - a ring of wizardry
Wands
 e - a wand of flame (12)
Scrolls
 g - a scroll of immolation {unknown}
 j - 2 scrolls of teleportation
 m - a scroll of enchant armour {unknown}
 n - a scroll of amnesia
 p - a scroll of noise {unknown}
 y - a scroll of vulnerability {unknown}
Potions
 d - a potion of attraction
 k - a potion of brilliance {unknown}
 l - a potion of curing {unknown}
 q - a potion of lignification
 r - a potion of haste {unknown}
 s - a potion of magic
 u - a potion of might {unknown}
 w - 2 potions of heal wounds


   Skills:
 + Level 4.6 Fighting
 - Level 2.1 Dodging
 - Level 1.5 Stealth
 + Level 4.3 Spellcasting


You couldn't memorise any spells.
You knew the following spells:

 Your Spells              Type           Power      Damage    Failure   Level
a - Magic Dart            Conj           72%        1d6       2%          1
b - Blink                 Tloc           36%        N/A       3%          2
c - Call Imp              Summ           18%        N/A       3%          2
d - Slow                  Hex            72%        N/A       2%          1
e - Conjure Flame         Conj/Fire      18%        6-21      8%          3
f - Mephitic Cloud        Conj/Pois/Air  18%        N/A       8%          3
g - Beastly Appendage     Tmut           36%        N/A       2%          1
h - Static Discharge      Conj/Air       18%        3-6/arc   3%          2
i - Stone Arrow           Conj/Erth      36%        3d9       8%          3
Your spell library was empty.

Dungeon Overview and Level Annotations

Branches:
Dungeon (5/15)
 Temple: D:4-7

Altars:
Ashenzari
Zin

Annotations:
D:2 Sigmund


Innate Abilities, Weirdness & Mutations

You are immune to sickness and miasma.
You are immune to poison.
Your flesh is very heat resistant. (rF++)
You are vulnerable to cold. (rC-)
You float through the air rather than walking.
You learn spells naturally, not from books.
Your magical power is your life essence.
You have superior vitality. (+4 MHP)


Message History

The lightning grounds out.
* * * LOW HITPOINT WARNING * * *
The scorpion stings you.
* * * LOW HITPOINT WARNING * * *
Casting: Static Discharge (safe; 3% risk of failure)
Confirm with . or Enter, or press ? or * to list all spells.
You blink.
* * * LOW HITPOINT WARNING * * *
Unknown command.
Aiming: Throw Flame
Press: ? - help, Shift-Dir - straight line, f - scorpion
Aim: a scorpion (heavily wounded, 68% to hit)
The puff of flame hits the scorpion.
The scorpion is severely wounded.
Aiming: Throw Flame
Press: ? - help, Shift-Dir - straight line, f/p - scorpion
Aim: a scorpion (severely wounded, 68% to hit)
The puff of flame hits the scorpion.
The scorpion is almost dead.
Aiming: Throw Flame
Press: ? - help, Shift-Dir - straight line, f/p - scorpion
Aim: a scorpion (almost dead, 68% to hit)
The puff of flame misses the scorpion.
Aiming: Throw Flame
Press: ? - help, Shift-Dir - straight line, f/p - scorpion
Aim: a scorpion (almost dead, 68% to hit)
The puff of flame hits the scorpion.
The scorpion is almost dead.
You feel stable enough to blink again. The scorpion barely misses you.
Casting: Blink (safe; 3% risk of failure)
Confirm with . or Enter, or press ? or * to list all spells.
You blink.
An iguana comes into view.
* * * LOW HITPOINT WARNING * * *
You fade into invisibility!
The scorpion misses you.
You feel stable enough to blink again. The scorpion stings you!
You die...

...###...####..##
..........#.....#
..###...##......#
.........#......#
.........#..##..# ####
.........#.....####..#
..............†.#....##
......>...............#
..#.............@.....###
................#s......#
......###................#
..... #...............##
........##.))............#
... ........)..>.........#
. .....#.#...............
.....###...........#...#
...l #........##......


You could see a scorpion (unable to see you).

Vanquished Creatures
  A water moccasin (D:5)
  2 orc priests (D:4)
  2 hounds (D:5)
  An orc wizard (D:5)
  5 adders
  An ufetubus (D:4)
  3 worms
  2 dart slugs
  13 orcs
  5 ball pythons
  4 endoplasms
  2 giant cockroaches
  7 goblins
  3 hobgoblins
  7 jackals
  2 quokkas (D:4)
  4 bats
  A frilled lizard (D:1)
  5 kobolds
  3 rats
73 creatures vanquished.

Notes
Turn   | Place    | Note
-------+----------+-------------------------------------------
     0 | D:1      | growler the Djinni Hedge Wizard began the quest for the
                  | Orb.
     0 | D:1      | growler set off with the following spells memorised: Magic
                  | Dart, Blink, Call Imp, Slow, Conjure Flame, Mephitic Cloud.
     0 | D:1      | Reached XP level 1. HP: 15/15 MP: 0/0
   541 | D:1      | Reached XP level 2. HP: 20/22 MP: 0/0
   752 | D:1      | Reached skill level 1 in Fighting
   782 | D:1      | Found a faded altar of an unknown god.
  1450 | D:2      | Reached XP level 3. HP: 21/27 MP: 0/0
  1450 | D:2      | Learned a level 1 spell: Beastly Appendage
  1780 | D:2      | Noticed Sigmund
  2105 | D:2      | Reached XP level 4. HP: 26/33 MP: 0/0
  2719 | D:3      | Found a glowing silver altar of Zin.
  2720 | D:3      | Noticed an angel
  2799 | D:3      | Identified the +1 cloak "Qodic" {MP+9 Dex+2}
  2997 | D:3      | Identified the +3 sling of the Grinning Pill Bug {venom,
                  | Drain Will+ Int+2}
  3069 | D:3      | Found a broken altar of Ashenzari.
  3945 | D:3      | Reached XP level 5. HP: 23/40 MP: 0/0
  3945 | D:3      | Learned a level 2 spell: Static Discharge
  4630 | D:4      | HP: 2/40 [/static electricity (3)]
  4954 | D:4      | Reached XP level 6. HP: 44/46 MP: 0/0
  5330 | D:5      | Entered Level 5 of the Dungeon
  5448 | D:5      | Noticed an ogre
  5666 | D:5      | Noticed a water moccasin
  5672 | D:5      | Killed a water moccasin
  5673 | D:5      | Reached XP level 7. HP: 37/53 MP: 0/0
  5673 | D:5      | Learned a level 3 spell: Stone Arrow
  5701 | D:5      | Slain by a scorpion

Illustrated notes

Levels and vault maps discovered:
D:1:      dpeg_arrival_solitude, layout_loops_corners,
          chequers_ecumenical_altar_simple_redux
D:2:      layout_basic, uniq_sigmund
D:3:      layout_rooms, zin_angel, mainiacjoe_overflow_24_doors
D:4:      layout_loops_ring, gup_sewer_entry_bowl, dk_noncrumbling_4
D:5:      layout_cave_pools, nicolae_qazlal_general_emergency,
          kiku_gazebo_pond_becter, minmay_temple_entry_from_below_a

Skill      XL: |  1  2  3  4  5  6 |
---------------+-------------------+-----
Fighting       | 1 2 3 4 |  4.6
Spellcasting   | 3 4 |  4.3
Dodging        | |  2.1
Stealth        | |  1.5

Action                   |  1- 3 |  4- 6 |  7- 9 || total
-------------------------+-------+-------+-------++-------
Melee: Dagger            |       |     1 |       ||     1
 Cast: Magic Dart        |    64 |   148 |       ||   212
       Mephitic Cloud    |       |     7 |       ||     7
       Blink             |       |     2 |     2 ||     4
       Call Imp          |       |     1 |       ||     1
       Static Discharge  |       |    12 |     3 ||    15
Evoke: Wand              |       |       |     4 ||     4
  Use: Scroll            |       |     8 |       ||     8
       Potion            |       |       |     1 ||     1
Armor: Robe              |     2 |     8 |     1 ||    11
Dodge: Dodged            |    11 |    40 |     9 ||    60
